 Dungeon Crawl Stone Soup version 0.30-a0-605-gb2882149bf (webtiles) character file.

Game seed: 8503306403674919629

59 acebull12 the Grave Robber (level 3, -10/24 HPs)
             Began as a Demonspawn Necromancer on Jan 7, 2023.
             Killed by divine providence
             ... invoked by an orc priest
              (15 damage)
             ... on level 3 of the Dungeon.
             The game lasted 00:05:03 (2459 turns).

acebull12 the Grave Robber (Demonspawn Necromancer) Turns: 2459, Time: 00:05:04

Health: -10/24     AC:  3    Str:  8    XL:     3   Next: 78%
Magic:  7/7        EV: 27    Int: 18    God:
Gold:   130        SH:  0    Dex: 13    Spells: 7/8 levels left

rFire   . . .      SeeInvis .    n - +0 rapier
rCold   . . .      Faith    .    (no shield)
rNeg    + . .      Spirit   .    a - +0 robe
rPois   .          Reflect  .    s - +0 helmet
rElec   .          Harm     .    (no cloak)
rCorr   +          Rampage  .    (no gloves)
Will    .....                    (no boots)
Stlth   ++                       u - amulet of the acrobat
HPRegen 0.24/turn                o - ring of resist corrosion
MPRegen 0.10/turn                v - ring of positive energy

@: acrobatic
A: powered by pain 1
a: no special abilities


You were on level 3 of the Dungeon.
You visited 1 branch of the dungeon, and saw 3 of its levels.

You collected 130 gold pieces.

Inventory:

Hand Weapons
 g - a +0 dagger
 n - a +0 rapier (weapon)
Armour
 a - a +0 robe (worn)
 s - a +0 helmet (worn)
 t - a +0 scale mail
Jewellery
 o - a ring of resist corrosion (left hand)
 u - an amulet of the acrobat (around neck)
 v - a ring of positive energy (right hand)
Scrolls
 c - 2 scrolls of identify {unknown}
 d - 2 scrolls of blinking {unknown}
 e - a scroll of enchant weapon {unknown}
 j - a scroll of amnesia {unknown}
 k - 3 scrolls of teleportation {unknown}
 l - a scroll of poison {unknown}
 m - a scroll of vulnerability {unknown}
 p - a scroll of brand weapon {unknown}
Potions
 b - a potion of magic
 f - a potion of lignification {unknown}
 h - a potion of curing {unknown}
 i - a potion of attraction {unknown}
 q - 2 potions of ambrosia {unknown}
 r - a potion of haste {unknown}


   Skills:
 + Level 1.7 Dodging
 + Level 1.8 Stealth
 * Level 3.0 Spellcasting
 * Level 5.3 Necromancy


You had 7 spell levels left.
You knew the following spells:

 Your Spells              Type           Power      Damage    Failure   Level
a - Necrotise             Necr           84%        1d8       1%          1

Your spell library contained the following spells:

 Spells                   Type           Power      Damage    Failure   Level
 Vampiric Draining        Necr           21%        2d7       5%          3
 Shock                    Conj/Air       8%         1d3       16%         1
 Animate Dead             Necr           21%        N/A       19%         4
 Swiftness                Air            2%         N/A       43%         3
 Agony                    Necr           21%        N/A       45%         5
 Airstrike                Air            1%         2d(1-17)  85%         4


Dungeon Overview and Level Annotations

Branches:
Dungeon (3/15)

Altars:

Annotations:
D:3 Natasha


Innate Abilities, Weirdness & Mutations

You sometimes gain a little power by taking damage.


Message History

The dead are walking!
Your Spellcasting skill increases to level 3!
The orc priest hits your orc skeleton with a +0 club.
Your orc skeleton barely misses the orc priest.
The orc priest hits your orc skeleton with a +0 club.
Your orc skeleton is destroyed!
There is a stone staircase leading up here.
You climb upwards.
There is a stone staircase leading down here.
There is a stone staircase leading down here.
You start resting.
Magic restored.
You climb downwards.
Level annotation: Natasha
There is a stone staircase leading up here.
There is a stone staircase leading up here.
The orc priest calls down the wrath of Beogh upon you.
Beogh smites you! The orc closely misses you.
You climb upwards.
There is a stone staircase leading down here.
The orc writhes in agony.
The orc hits you with a +0 dagger.
The orc writhes in agony.
You kill the orc!
The dead are walking!
You start resting.
Magic restored.
You climb downwards.
Your mindless puppet stays behind to rot.
Level annotation: Natasha The orc priest invokes the aid of Beogh against you.
Beogh smites you!
There is a stone staircase leading up here.
You are too injured to fight recklessly!
The orc priest calls down the wrath of Beogh upon you.
Pain shoots through your body!
* * * LOW HITPOINT WARNING * * *
The orc priest calls down the wrath of Beogh upon you.
Beogh smites you!
Ouch! That really hurt!
You die...

#..........#####.............##
....#..###o# #.......#####.#
##. #....#.# #.......# .#
#....#.# #.......#####.#
......#.# ######.........
........#.#########..######.#
###..........).oo............
...$..##.########.o.#######
#.....o...# #@.....#
#.###.##### #..#...# #....#.#
#...##.# ##..##.# #....## .# #
....# .#.# ....# #.#.# .. ....#


You could see an orc priest.

Vanquished Creatures
  2 adders (D:2)
  4 orcs
  3 ball pythons
  5 endoplasms
  2 giant cockroaches (D:1)
  3 goblins (D:1)
  4 hobgoblins
  A quokka (D:1)
  3 bats
  2 frilled lizards
  A rat (D:1)
30 creatures vanquished.

Vanquished Creatures (collateral kills)
  A bat (D:2)
  A giant cockroach (D:1)
  2 ball pythons (D:1)
4 creatures vanquished.

Grand Total: 34 creatures vanquished

Notes
Turn   | Place    | Note
-------+----------+-------------------------------------------
     0 | D:1      | acebull12 the Demonspawn Necromancer began the quest for
                  | the Orb.
     0 | D:1      | Reached XP level 1. HP: 13/13 MP: 3/3
   456 | D:1      | Gained mutation: You sometimes gain a little power by
                  | taking damage. [demonic ancestry]
   456 | D:1      | Reached XP level 2. HP: 19/19 MP: 1/5
   707 | D:1      | Found a faded altar of an unknown god.
   714 | D:1      | Reached skill level 5 in Necromancy
  1749 | D:2      | Reached XP level 3. HP: 24/24 MP: 3/6
  2042 | D:2      | Identified the +5 short sword of Usihyl {venom, rElec
                  | Stlth+}
  2353 | D:3      | Noticed Natasha
  2459 | D:3      | Killed from afar by an orc priest

Illustrated notes

Levels and vault maps discovered:
D:1:      eino_arrival_water_star, layout_loops_corners,
          dreamdust_ecumenical_altar_statues, minmay_misc_feat_roman
D:2:      layout_loops_ring
D:3:      layout_basic, uniq_natasha

Skill      XL: |  1  2  3 |
---------------+----------+-----
Necromancy     | 5 |  5.3
Spellcasting   | 3 |  3.0
Dodging        | |  1.7
Stealth        | |  1.8

Action                   || total
-------------------------++-------
Melee: Dagger            ||    25
       Rapier            ||     1
 Cast: Necrotise         ||    59
Armor: Robe              ||     7
Dodge: Dodged            ||    30

Table legend: (Time is in decaauts)
 A = Elapsed time spent in this place.
 B = Non-inter-level travel time spent in this place.
 C = Inter-level travel time spent in this place.
 D = Time resting spent in this place.
 E = Time spent auto-exploring this place.
 F = Levels seen in this place.
 G = Mean time per level.
                   A        B        C        D        E       F      G
               +--------+--------+--------+--------+--------+-----+--------+
         Total |   2462 |   2286 |    176 |     58 |   1912 |   3 |  820.7 |
       Dungeon |   2462 |   2286 |    176 |     58 |   1912 |   3 |  820.7 |
               +--------+--------+--------+--------+--------+-----+--------+

Top non-repeatable levels by time:
     D:1: 1321 daAuts
     D:2: 992 daAuts
     D:3: 147 daAuts
